 Dungeon Crawl Stone Soup version 0.25.1-11-g244df3a29b (webtiles) character file.

Game seed: 16512058356082824525

36 DeepDeath the Cudgeler (level 3, -1/23 HPs)
             Began as a Gargoyle Abyssal Knight on Jan 20, 2024.
             Was a Follower of Lugonu.
             Killed by divine providence
             ... invoked by an orc priest
              (11 damage)
             ... on level 2 of the Dungeon.
             The game lasted 00:01:44 (1106 turns).

DeepDeath the Cudgeler (Gargoyle Abyssal Knight)    Turns: 1106, Time: 00:01:45

Health: -1/23      AC:  6    Str: 16    XL:     3   Next: 37%
Magic:  4/4        EV: 11    Int: 12    God:    Lugonu [*.....]
Gold:   57         SH:  0    Dex:  9    Spells: 2/2 levels left

rFire    . . .     SeeInvis .   a - +1 mace
rCold    . . .     Gourm    .   (no shield)
rNeg     + . .     Faith    .   b - +0 leather armour
rPois    ∞         Spirit   .   (no helmet)
rElec    +         Reflect  .   (no cloak)
rCorr    .         Harm     .   (no gloves)
MR       .....                  (no boots)
Stlth    +.........             (no amulet)
HPRegen  0.07/turn              (no ring)
MPRegen  0.09/turn              (no ring)

@: no status effects
A: negative energy resistance 1, electricity resistance, unbreathing,
petrification resistance, rot immunity, AC +3
a: Depart the Abyss, Renounce Religion


You were on level 2 of the Dungeon.
You worshipped Lugonu.
Lugonu was aware of your devotion.
You were not hungry.

You visited 1 branch of the dungeon, and saw 2 of its levels.
You visited the Abyss 1 time.

You collected 57 gold pieces.

Inventory:

Hand Weapons
 a - a +1 mace (weapon)
Missiles
 d - 62 stones (quivered)
 f - 21 arrows
 i - 27 sling bullets
Armour
 b - a +0 leather armour (worn)
Jewellery
 e - an uncursed ring of wizardry
Potions
 g - 2 potions of invisibility {unknown}
Comestibles
 c - 4 rations
 h - 2 chunks of flesh


   Skills:
 - Level 3.2 Fighting
 + Level 3.7 Maces & Flails
 - Level 2.1 Armour
 - Level 0.7 Dodging
 - Level 2.0 Invocations


You had 2 spell levels left.
You didn't know any spells.
Your spell library was empty.

Dungeon Overview and Level Annotations

Branches:
Dungeon (2/15)

Altars:


Innate Abilities, Weirdness & Mutations

You are resistant to torment.
Your stone body is resilient. (AC +3)
You are immune to poison.
You resist negative energy. (rN+)
You are resistant to electric shocks. (rElec)
You can survive without breathing.
You are immune to petrification.
You are immune to rotting.


Message History

You now have 57 gold pieces (gained 12).
Things that are here:
a bat corpse x2
d - 62 stones (gained 4)
You see here a +0 short sword of flaming. 2 orc priests come into view.
The orc priest shouts! x2; You hear a shout!
The orc priest mumbles some strange prayers to Beogh against you.
Beogh smites you!
Ouch! That really hurt!
There are monsters nearby!
There are monsters nearby!
There are monsters nearby!
Unknown command.
Things that are here:
a bat corpse x2
A worm comes into view.
The orc priest calls down the wrath of Beogh upon you.
Beogh smites you!
You die...

#.#.##...........
##.#.##.#.#...####
####.......#........##
#.....)...<###........
#.########.# #.#.##.##
#.# #.# # ####
##.###.# #..###...##.#
#....@......#
#.##..###..>####
#..........######
.w..............>..
#####...###o......#
##..# #.####.## ##.#
#o# .# ##.###.## .#
#......)## .# ###


You could see 2 orc priests.

Vanquished Creatures
  2 dart slugs (D:1)
  A ball python (D:1)
  8 bats
  4 goblins
  4 jackals (D:1)
  4 kobolds
  A quokka (D:2)
  A frilled lizard (D:1)
  6 rats
31 creatures vanquished.

Notes
Turn   | Place    | Note
-------+----------+-------------------------------------------
     0 | Abyss:1  | DeepDeath the Gargoyle Abyssal Knight began the quest for
                  | the Orb.
     0 | Abyss:1  | Reached XP level 1. HP: 14/14 MP: 2/2
    68 | Abyss:1  | Noticed an ancient zyme
    69 | D:1      | Escaped the Abyss
   131 | D:1      | Reached XP level 2. HP: 11/19 MP: 3/3
   311 | D:1      | Reached * piety under Lugonu
   526 | D:1      | Reached XP level 3. HP: 15/23 MP: 4/4
  1106 | D:2      | Killed from afar by an orc priest

Illustrated notes

Levels and vault maps discovered:
D:1:      dpeg_arrival_stone_temple_mockup, layout_loops_ring, minivault_26,
          st_stairs_4, minmay_quantized
D:2:      layout_loops_ring, minmay_liquid_box, st_stairs_14

Skill      XL: |  1  2 |
---------------+-------+-----
Maces & Flails | 3 |  3.7
Fighting       | |  3.2
Armour         | |  2.1
Dodging        | |  0.7
Invocations    | |  2.0

Action                   || total
-------------------------++-------
Melee: Mace              ||    90
Invok: Depart the Abyss  ||     1
  Use: Scroll            ||     1
  Eat: Chunk             ||     1
Armor: Leather armour    ||    58
Dodge: Dodged            ||    73
